 Dungeon Crawl Stone Soup version 0.27.0-66-gdc8fb28755 (webtiles) character file.

Game seed: 11429706557509054315

2 Ishikawa the Magician (level 1, 0/10 HPs)
             Began as a Deep Elf Hedge Wizard on Aug 20, 2021.
             Slain by a giant cockroach (2 damage)
             ... on level 1 of the Dungeon.
             The game lasted 00:01:12 (146 turns).

Ishikawa the Magician (Deep Elf Hedge Wizard)        Turns: 146, Time: 00:01:13

Health: 0/10       AC:  2    Str:  7    XL:     1   Next: 25%
Magic:  7/8        EV: 12    Int: 18    God:
Gold:   27         SH:  0    Dex: 14    Spells: 8/9 levels left

rFire    . . .     SeeInvis .   a - +0 dagger
rCold    . . .     Faith    .   (no shield)
rNeg     . . .     Spirit   .   b - +0 robe
rPois    .         Reflect  .   c - +0 hat
rElec    .         Harm     .   (no cloak)
rCorr    .         Rampage  .   (no gloves)
Will     .....                  (no boots)
Stlth    ++........             (no amulet)
HPRegen  0.03/turn              (no ring)
MPRegen  0.11/turn              (no ring)

@: no status effects
A: no striking features
a: no special abilities


You were on level 1 of the Dungeon.
You visited 1 branch of the dungeon, and saw 1 of its levels.

You collected 27 gold pieces.

Inventory:

Hand Weapons
 a - a +0 dagger (weapon)
Armour
 b - a +0 robe (worn)
 c - a +0 hat (worn)
Jewellery
 d - an amulet of magic regeneration


   Skills:
 + Level 2.4 Dodging
 + Level 2.4 Stealth
 + Level 4.5 Spellcasting
 * Level 1.1 Conjurations
 * Level 1.1 Summonings
 * Level 1.1 Translocations


You had 8 spell levels left.
You knew the following spells:

 Your Spells              Type           Power      Damage    Failure   Level
a - Magic Dart            Conj           32%        1d4       9%          1

Your spell library contained the following spells:

 Spells                   Type           Power      Damage    Failure   Level
 Blink                    Tloc           N/A        N/A       13%         2
 Call Imp                 Summ           8%         N/A       13%         2
 Slow                     Hex            4%         N/A       22%         2
 Conjure Flame            Conj/Fire      6%         6-21      32%         3
 Mephitic Cloud           Conj/Pois/Air  5%         N/A       34%         3


Dungeon Overview and Level Annotations

Branches:
Dungeon (1/15)

Altars:


Message History

A ball python comes into view.
The giant cockroach closely misses you.
Your magical contamination has completely faded away.
The giant cockroach barely misses you.
Casting: Magic Dart (safe; 9% risk of failure)
Confirm with . or Enter, or press ? or * to list all spells.
Aiming: Magic Dart (safe; 9% risk of failure)
Press: ? - help, Shift-Dir - straight line, f/p - giant cockroach
Aim: a giant cockroach (100% to hit)
You miscast Magic Dart.
You are very lightly contaminated with residual magic.
Nothing appears to happen.
The giant cockroach bites you but does no damage.
Unknown command.
Casting: Magic Dart (safe; 9% risk of failure)
Confirm with . or Enter, or press ? or * to list all spells.
Aiming: Magic Dart (safe; 9% risk of failure)
Press: ? - help, Shift-Dir - straight line, f/p - giant cockroach
Aim: a giant cockroach (100% to hit)
The magic dart hits the giant cockroach but does no damage.
The giant cockroach bites you but does no damage.
The giant cockroach bites you but does no damage.
The giant cockroach waves its antennae.
Your magical contamination has completely faded away.
The giant cockroach barely misses you.
The ball python hisses angrily.
The giant cockroach barely misses you. The giant cockroach barely misses you.
The ball python barely misses you. The ball python misses you.
The giant cockroach bites you but does no damage.
The ball python bites you.
* * * LOW HITPOINT WARNING * * *
The ball python closely misses you. The giant cockroach closely misses you.
There is an open door here.
The giant cockroach closely misses you.
The giant cockroach bites you but does no damage.
The giant cockroach bites you but does no damage.
The giant cockroach bites you.
You die...

#...#..##'##..#...#
#.##.### #..##
#...##.##..# #.##.#
# #..##
#.<.##.##..# #.....
. #..##.
#...##.##..#
#.##.###
#...#..#####..#...#
#. #.# #
##..##.......##g.##
..#
#...####.####...#
##....##'##.S..##
##.......@B..##
###.......###
#########


You could see a giant cockroach, a hobgoblin and a ball python.

Vanquished Creatures
  A hobgoblin (D:1)
  A rat (D:1)
2 creatures vanquished.

Notes
Turn   | Place    | Note
-------+----------+-------------------------------------------
     0 | D:1      | Ishikawa the Deep Elf Hedge Wizard began the quest for the
                  | Orb.
     0 | D:1      | Reached XP level 1. HP: 10/10 MP: 7/7
   146 | D:1      | Slain by a giant cockroach

Illustrated notes

Levels and vault maps discovered:
D:1:      dpeg_arrival_concentric_ovals, layout_loops_ring,
          shapermc_ecumenical_altar_flowoftime

Action                   || total
-------------------------++-------
Melee: Dagger            ||     3
 Cast: Magic Dart        ||     5
Armor: Robe              ||     7
Dodge: Dodged            ||    17
